Map: Dusk Towers

Players

ILLBdA - Winner!

  • Race: Protoss Protoss
  • League: Diamond

반짝반짝작은별

  • Race: Protoss Protoss
  • League: Diamond

VOD

Have the link to the VOD?

Description

Time

  • Played on: Dec. 17, 2015, 3:25 a.m.
  • Length: 4:33
Show
View Real Time Build Order
Export as new Build Order

ILLBdA Protoss - Winner!

Build Orders:  

Get SALT Encoding   

  12  0:01  Probe (Chrono Boost)  
  13  0:11  Probe (Chrono Boost)  
  14  0:18  Pylon  
  14  0:23  Probe (Chrono Boost)  
  15  0:36  Probe (Chrono Boost)  
  15  0:40  Pylon  
  16  1:00  Gateway x2  
  16  1:08  Gateway  
  16  1:16  Probe (Chrono Boost), Assimilator  
  17  1:27  Probe (Chrono Boost)  
  18  1:37  Probe (Chrono Boost)  
  19  1:47  Cybernetics Core  
  19  1:49  Zealot (Chrono Boost)  
  19  1:51  Zealot (Chrono Boost)  
  29  2:19  Zealot (Chrono Boost)  
  29  2:24  Stalker (Chrono Boost)  
  29  2:28  Stalker (Chrono Boost)  
  29  2:44  Pylon  
  31  2:46  Adept (Chrono Boost)  
  31  2:47  Assimilator  
  31  3:02  Adept (Chrono Boost)  
  31  3:04  Pylon  
  35  3:06  Stalker (Chrono Boost)  
  34  3:20  Stalker (Chrono Boost)  
  34  3:26  Adept (Chrono Boost)  
  34  3:40  Adept (Chrono Boost)  
  38  3:50  Adept (Chrono Boost)  
  38  3:54  Adept (Chrono Boost)  
  38  4:07  Pylon  
Show
View Real Time Build Order
Export as new Build Order

반짝반짝작은별 Protoss 

Build Orders:  

Get SALT Encoding   

  12  0:00  Probe (Chrono Boost)  
  13  0:11  Probe (Chrono Boost)  
  14  0:18  Pylon  
  14  0:22  Probe (Chrono Boost)  
  15  0:37  Gateway, Probe (Chrono Boost)  
  16  0:47  Probe (Chrono Boost)  
  16  0:48  Assimilator  
  17  0:53  Assimilator  
  17  0:58  Probe (Chrono Boost)  
  18  1:11  Pylon  
  18  1:12  Probe (Chrono Boost)  
  19  1:23  Probe (Chrono Boost)  
  20  1:26  Cybernetics Core  
  20  1:35  Probe (Chrono Boost)  
  21  1:46  Probe (Chrono Boost)  
  22  1:57  Probe (Chrono Boost), Gateway  
  23  2:03  Pylon  
  23  2:04  Stalker  
  25  2:17  Warp Gate  
  25  2:28  Mothership Core (Chrono Boost)  
  27  2:34  Stalker  
  29  2:43  Stalker  
  31  2:57  Gateway  
  29  3:17  Stalker (Chrono Boost)  
  29  3:18  Stalker (Chrono Boost)  
Tags
 
Matchup
PvP
Replay Pack
me
Add a new tag
Caveats
  • Supply blocks, unpowered buildings, or Contaminate may cause inaccurate times.
  • Supply counts are checked every 10 seconds.